 Dungeon Crawl Stone Soup version 0.18.1-48-g4cf74bf (webtiles) character file.

16 tyrion the Magician (level 2, 0/20 HPs)
             Began as a Mummy Wizard on Aug 22, 2016.
             Slain by a giant gecko (1 damage)
             ... on level 1 of the Dungeon.
             The game lasted 00:01:07 (400 turns).

tyrion the Magician (Mummy Wizard)                   Turns: 400, Time: 00:01:08

Health: 0/20       AC:  2    Str: 10    XL:     2   Next: 37%
Magic:  0/6        EV: 12    Int: 17    God:
Gold:   0          SH:  0    Dex: 10    Spells: 4 memorised, 0 levels left

rFire  x . .     SeeInvis .     d - +0 mace
rCold  + . .     Gourm    .     a - +0 robe
rNeg   + + +     Faith    .     (no shield)
rPois  ∞         Spirit   .     b - +0 hat
rElec  .         Dismiss  .     (no cloak)
rCorr  .         Reflect  .     (no gloves)
SustAt .         Harm     .     (no boots)
MR     .....                    (no amulet)
Stlth  ++........               (no ring)
                                (no ring)

@: not resistant to hostile enchantments, unstealthy
A: no food or potions, fire vulnerability, cold resistance 1, negative energy
resistance 3, torment resistance, unbreathing
a: no special abilities


You were on level 1 of the Dungeon.
You were not hungry.

You visited 1 branch of the dungeon, and saw 2 of its levels.

Inventory:

Hand Weapons
 d - a +0 mace (weapon)
 e - a +0 dagger
Armour
 a - a +0 robe (worn)
 b - a +0 hat (worn)
Books
 c - a book of Minor Magic

   Spells                             Type                      Level
   a - Magic Dart                     Conjuration                  1
   b - Blink                          Translocation                2
   c - Call Imp                       Summoning                    2
   d - Repel Missiles                 Charms/Air                   2
   e - Slow                           Hexes                        2
   f - Conjure Flame                  Conjuration/Fire             3
   g - Mephitic Cloud                 Conjuration/Poison/Air       3


   Skills:
 + Level 0.6 Fighting
 + Level 1.7 Dodging
 - Level 1.5 Stealth
 + Level 3.1 Spellcasting
 * Level 1.2 Conjurations
 - Level 0.7 Summonings
 - Level 0.7 Translocations
 * Level 0.2 Air Magic


You couldn't memorise any spells.
You knew the following spells:

 Your Spells              Type           Power        Failure   Level  Hunger
a - Magic Dart            Conj           #...         12%         1    N/A
b - Blink                 Tloc           N/A          21%         2    N/A
c - Call Imp              Summ           #.......     21%         2    N/A
d - Repel Missiles        Chrm/Air       #.....       30%         2    N/A

Dungeon Overview and Level Annotations

Branches:
Dungeon (2/15)

Altars:
Ru


Innate Abilities, Weirdness & Mutations

You do not eat or drink.
Your flesh is vulnerable to fire.
You are immune to poison.
Your flesh is cold resistant.
You are immune to negative energy.
You are immune to unholy pain and torment.
You can survive without breathing.


Message History

The jackal misses you.
You hit the jackal.
You kill the jackal!
The giant gecko bites you.
* * * LOW HITPOINT WARNING * * *
You closely miss the giant gecko. The giant gecko bites you.
* * * LOW HITPOINT WARNING * * *
Unknown command.
The giant gecko closely misses you. The giant gecko bites you.
* * * LOW HITPOINT WARNING * * *
Your magical contamination has completely faded away.
Casting: Magic Dart
Confirm with . or Enter, or press ? or * to list all spells.
Okay, then.
Unknown command.
Casting: Magic Dart
Confirm with . or Enter, or press ? or * to list all spells.
You blink.
The giant gecko bites you.
You die...

#. .# .. .# # .###.##.# .#
....##.####.#
######......$.....
###.........#.!.....
#.....##.....#......
####...l§##.....#......
#####...).@..##.##..#......
###.....##........##.........
#.....##########.....#####.##
#.....##########.....#...#.#
#................###.#.<.'.#
#.....##########.# .#...#.#
#....[# #.# ..#####.##
####### ..# .......... ...
..##+##.##


You could see a giant gecko.

Vanquished Creatures
  A dart slug (D:1)
  A ball python (D:2)
  A bat (D:2)
  2 goblins (D:1)
  A hobgoblin (D:2)
  3 jackals (D:1)
  A kobold (D:2)
  A rat (D:2)
11 creatures vanquished.

Notes
Turn   | Place    | Note
--------------------------------------------------------------
     0 | D:1      | tyrion the Mummy Wizard began the quest for the Orb.
     0 | D:1      | Reached XP level 1. HP: 13/13 MP: 4/4
     9 | D:1      | Reached skill level 1 in Conjurations
    25 | D:1      | You fall through a shaft!
    25 | D:2      | Found a sacrificial altar of Ru.
   240 | D:2      | Reached XP level 2. HP: 19/20 MP: 0/6
   256 | D:1      | Learned a level 2 spell: Blink
   259 | D:1      | Learned a level 2 spell: Call Imp
   262 | D:1      | Learned a level 2 spell: Repel Missiles
   396 | D:1      | HP: 1/20 [giant gecko (2)]
   400 | D:1      | Slain by a giant gecko

Skill      XL: |  1 |
---------------+----+-----
Conjurations   | 1 |  1.2
Fighting       | |  0.6
Dodging        | |  1.7
Stealth        | |  1.5
Spellcasting   | |  3.1
Summonings     | |  0.7
Translocations | |  0.7
Air Magic      | |  0.2

Action                   || total
-------------------------++-------
Melee: Unarmed           ||     6
       Mace              ||    12
 Cast: Magic Dart        ||    22
       Blink             ||     1
Armor: Robe              ||     8
Dodge: Dodged            ||    31
